 Dungeon Crawl Stone Soup version 0.22-a0-247-gbddf880 (webtiles) character file.

476 b5mith the Slasher (level 6, -5/56 HPs)
             Began as a Minotaur Berserker on Feb 27, 2018.
             Was a Priest of Trog.
             Slain by an orc warrior
             ... wielding a +0 trident
              (17 damage)
             ... on level 5 of the Dungeon.
             The game lasted 00:09:40 (3615 turns).

b5mith the Slasher (Minotaur Berserker)             Turns: 3615, Time: 00:09:40

Health: -5/56      AC:  9    Str: 24    XL:     6   Next: 84%
Magic:  5/5        EV: 12    Int:  4    God:    Trog [***...]
Gold:   231        SH:  0    Dex:  9    Spells: 5/5 levels left

rFire    . . .     SeeInvis .   a - +1 falchion
rCold    . . .     Gourm    .   (no shield)
rNeg     . . .     Faith    .   j - +0 ring mail
rPois    .         Spirit   .   (helmet restricted)
rElec    .         Reflect  .   (no cloak)
rCorr    .         Harm     .   (no gloves)
MR       .....                  (no boots)
Stlth    ..........             (no amulet)
HPRegen  0.18/turn              u - -3 ring of slaying (curse)
MPRegen  0.09/turn              d - +3 ring of protection

@: berserk cooldown, slowed, very slow
A: retaliatory headbutt, horns 2
a: Berserk, Trog's Hand, Renounce Religion


You were on level 5 of the Dungeon.
You worshipped Trog.
Trog was most pleased with you.
You were very hungry.

You visited 1 branch of the dungeon, and saw 5 of its levels.

You collected 231 gold pieces.

Inventory:

Hand Weapons
 a - a +1 falchion (weapon)
Missiles
 t - 87 stones
 y - 2 tomahawks (quivered)
Armour
 b - a +0 animal skin
 j - a +0 ring mail (worn)
Jewellery
 d - a +3 ring of protection (right hand)
 g - an uncursed ring of ice
 u - a cursed -3 ring of slaying (left hand)
 D - an uncursed ring of magical power
Scrolls
 e - 2 scrolls of teleportation
 f - 2 scrolls of identify {@r1}
 i - a scroll of noise {unknown}
 l - a scroll of amnesia
 q - a scroll of enchant weapon
 w - a scroll of enchant armour {unknown}
 x - a scroll of remove curse {unknown}
 B - a scroll of random uselessness {unknown}
 C - a scroll of immolation {unknown}
Potions
 h - a potion of curing {unknown}
 k - 3 potions of agility
 m - a potion of heal wounds
 n - a potion of flight {unknown}
 o - a potion of lignification {unknown}
 p - a potion of resistance {unknown}
 r - a potion of haste {unknown}
 s - a potion of cancellation {unknown}
 z - a potion of magic {unknown}
 A - a potion of berserk rage {unknown}
Comestibles
 c - 5 rations
 v - 2 chunks of flesh


   Skills:
 + Level 5.5 Fighting
 + Level 5.6 Long Blades
 + Level 4.9 Armour
 + Level 4.4 Dodging


You had 5 spell levels left.
You didn't know any spells.

Dungeon Overview and Level Annotations

Branches:
Dungeon (5/15)             Temple (0/1) D:4

Altars:
Makhleb
Qazlal
Ru
Uskayaw

Shops:
D:4 [


Innate Abilities, Weirdness & Mutations

You reflexively headbutt those who attack you in melee.
You have a pair of horns on your head.


Message History

The puff of frost misses you. The orc warrior barely misses you.
You feel a strong urge to attack something.
You see here 2 tomahawks.
The shadow imp spits at you.
You feel your anger nearly subside.
You are no longer berserk.
You are exhausted.
You feel yourself slow down.
You feel much better.
The orc warrior hits you from afar with a trident!
* * * LOW HITPOINT WARNING * * *
You hit the shadow imp.
The shadow imp is heavily wounded.
The orc warrior closely misses you.
The shadow imp shouts, "Go and return not, thou gleeking limp-willed meatloaf!"
The shadow imp closely misses you. You furiously retaliate!
You headbutt the shadow imp, but do no damage.
You closely miss the shadow imp.
The shadow imp is heavily wounded.
The orc warrior hits you from afar with a trident!
You die...

...................
.................
.........r..... .......
..... ..... .... .... #.. ..
#.#.###.# .... .....
#@#...#.#..... #.....)...#
#5###...^......
#.........####oo(o..........
#...............##).........
#...).....#####.............
#...........................
#.................#.........
#..........................o
#..................#.##....


You could see an orc warrior, an orc wizard and a shadow imp.

Vanquished Creatures
  The ghost of MatthieuS the Shooter, an amateur CeHu (D:3)
  A necrophage (D:5)
  A hound (D:4)
  Jessica (D:2)
  A worker ant (D:4)
  A hound skeleton (D:4)
  6 adders
  An adder skeleton (D:4)
  3 worms
  2 dart slugs
  4 leopard geckos
  4 orcs
  5 giant cockroaches
  9 hobgoblins
  12 jackals
  2 quokkas
  7 bats
  3 frilled lizards (D:2)
  10 goblins
  8 kobolds
  A quokka skeleton (D:4)
  4 rats
87 creatures vanquished.

Notes
Turn   | Place    | Note
-------+----------+-------------------------------------------
     0 | D:1      | b5mith the Minotaur Berserker began the quest for the Orb.
     0 | D:1      | Reached XP level 1. HP: 19/19 MP: 0/0
   334 | D:1      | Reached XP level 2. HP: 21/27 MP: 1/1
   901 | D:2      | Noticed Jessica
   911 | D:2      | Reached XP level 3. HP: 29/33 MP: 2/2
   918 | D:2      | Killed Jessica
  1122 | D:2      | Reached ** piety under Trog
  1226 | D:2      | Reached XP level 4. HP: 39/40 MP: 3/3
  1277 | D:2      | Found a hide-covered altar of Uskayaw.
  1277 | D:2      | Noticed a hand axe
  1283 | D:2      | Noticed a dagger
  1376 | D:2      | Found a stormy altar of Qazlal.
  1658 | D:3      | Noticed MatthieuS's ghost (amateur CeHu)
  1687 | D:3      | Killed MatthieuS's ghost
  1687 | D:3      | Reached skill level 5 in Fighting
  1687 | D:3      | Reached skill level 5 in Long Blades
  1687 | D:3      | Reached XP level 5. HP: 17/48 MP: 4/4
  1987 | D:3      | Found a faded altar of an unknown god.
  2125 | D:3      | Reached XP level 6. HP: 22/56 MP: 5/5
  2656 | D:4      | Found a burning altar of Makhleb.
  2656 | D:4      | Found a sacrificial altar of Ru.
  2873 | D:4      | Reached *** piety under Trog
  2887 | D:4      | Found Raopity's Armour Emporium.
  3379 | D:4      | Found a staircase to the Ecumenical Temple.
  3510 | D:5      | Entered Level 5 of the Dungeon
  3588 | D:5      | Noticed an orc warrior
  3615 | D:5      | Slain by an orc warrior

Vault maps used:
D:1:      kennysheep_arrival_forest, minmay_heptomino_d4
D:2:      dancing_weapons_uskayaw, nicolae_qazlal_eye_of_the_storm,
          first_ration, minmay_goblin_outpost, uniq_jessica
D:3:      chequers_ecumenical_altar_grove, serial_glass, glass_columns_c,
          glass_columns_a, glass_columns_c, glass_columns_b, glass_columns_b
D:4:      gammafunk_temple_overflow_wave, temple_green, serial_shops,
          nicolae_shop_stone, hangedman_decor_points
D:5:      zin_purify, serial_shops, shop, shop, shop, kennysheep_mini, shop

Skill      XL: |  1  2  3  4  5  6 |
---------------+-------------------+-----
Fighting       | 4 5 |  5.5
Long Blades    | 4 5 |  5.6
Armour         | 3 4 |  4.9
Dodging        | 3 4 |  4.4

Action                   |  1- 3 |  4- 6 || total
-------------------------+-------+-------++-------
Melee: Falchion          |    51 |   206 ||   257
       Headbutt          |    10 |    33 ||    43
Throw: Stone             |    12 |       ||    12
Invok: Berserk           |       |     1 ||     1
  Use: Scroll            |     1 |     3 ||     4
       Potion            |     1 |     1 ||     2
 Stab: Sleeping          |     2 |       ||     2
  Eat: Chunk             |     1 |     4 ||     5
       Ration            |       |     1 ||     1
Armor: Animal skin       |     3 |       ||     3
       Ring mail         |    21 |    85 ||   106
Dodge: Dodged            |    42 |   119 ||   161
       Rpst.: Falchion   |    10 |    33 ||    43

Table legend:
 A = Spawn XP
 B = Non-spawn XP
 C = Spawn XP percentage of total XP
 D = Spawn monster count
 E = Non-spawn monster count
 F = Spawn count percentage of total count
 G = Total turns spent on level
                    A         B        C        D         E        F      G
               +---------+---------+-------+---------+---------+-------+---------
         Total |       0 |     680 |   0.0 |       0 |      87 |   0.0 |  3615
               +---------+---------+-------+---------+---------+-------+---------
           D:1 |       0 |      28 |   0.0 |       0 |      16 |   0.0 |   825
           D:2 |       0 |      98 |   0.0 |       0 |      25 |   0.0 |   827
           D:3 |       0 |     263 |   0.0 |       0 |      22 |   0.0 |   955
           D:4 |       0 |     153 |   0.0 |       0 |      18 |   0.0 |   903
           D:5 |       0 |     138 |   0.0 |       0 |       6 |   0.0 |   105
               +---------+---------+-------+---------+---------+-------+---------
